 Dungeon Crawl Stone Soup version 0.26.1-11-gd32895ea62 (webtiles) character file.

Game seed: 1031818210411652967

711 dtburroughs the Chopper (level 7, -4/94 HPs)
             Began as a Minotaur Berserker on June 22, 2021.
             Was an Elder of Trog.
             Slain by a yak (10 damage)
             ... on level 4 of the Dungeon.
             The game lasted 00:08:53 (5583 turns).

dtburroughs the Chopper (Minotaur Berserker)        Turns: 5583, Time: 00:08:54

Health: -4/94      AC: 12    Str: 22    XL:     7   Next: 40%
Magic:  6/6        EV: 10    Int:  6    God:    Trog [****..]
Gold:   357        SH:  0    Dex:  9    Spells: 6/6 levels left

rFire    . . .     SeeInvis .   a - +0 hand axe
rCold    . . .     Faith    .   (no shield)
rNeg     . . .     Spirit   .   y - +0 chain mail
rPois    .         Reflect  .   (helmet restricted)
rElec    .         Harm     .   p - +0 cloak
rCorr    +         Rampage  .   (no gloves)
Will     .....                  g - +0 pair of boots
Stlth    ..........             r - amulet of regeneration
HPRegen  0.65/turn              b - ring of resist corrosion
MPRegen  0.10/turn              (no ring)

@: berserking, very quick
A: retaliatory headbutt, horns 2
a: Renounce Religion, Berserk, Trog's Hand, Brothers in Arms


You were on level 4 of the Dungeon.
You worshipped Trog.
Trog was greatly pleased with you.
You visited 1 branch of the dungeon, and saw 5 of its levels.

You collected 357 gold pieces.

Inventory:

Hand Weapons
 a - a +0 hand axe (weapon)
Armour
 g - a +0 pair of boots (worn)
 p - a +0 cloak (worn)
 v - a +1 scale mail of fire resistance
 y - a +0 chain mail (worn)
 A - the +3 ring mail of Nemelex Xobeh's Hope {Harm Int+4}
   (You found it on level 5 of the Dungeon)

   It affects your intelligence (+4).
   It increases damage dealt and taken.
Jewellery
 b - a ring of resist corrosion (left hand)
 r - an amulet of regeneration (around neck)
Wands
 n - a wand of paralysis (8)
Scrolls
 d - a scroll of identify
 e - a scroll of fog {unknown}
 j - 2 scrolls of enchant armour
 k - 2 scrolls of fear
 l - 2 scrolls of teleportation {unknown}
 o - 2 scrolls of remove curse {unknown}
 s - a scroll of blinking {unknown}
 u - a scroll of random uselessness {unknown}
 w - 2 scrolls of magic mapping {unknown}
Potions
 c - 6 potions of curing
 f - 2 potions of resistance
 h - a potion of mutation {unknown}
 i - a potion of ambrosia {unknown}
 q - 2 potions of might
 t - a potion of haste {unknown}
 x - a potion of brilliance {unknown}
 z - a potion of attraction {unknown}


   Skills:
 + Level 6.0 Fighting
 + Level 6.0 Axes
 + Level 5.4 Armour
 + Level 4.9 Dodging


You had 6 spell levels left.
You didn't know any spells.
Your spell library was empty.

Dungeon Overview and Level Annotations

Branches:
Dungeon (5/15)
 Temple: D:4-7

Altars:
Cheibriados
Dithmenos
Makhleb
Ru
The Shining One

Annotations:
D:4 1 runed translucent door, oc3rt's ghost, amateur KoHu


Innate Abilities, Weirdness & Mutations

You reflexively headbutt those who attack you in melee.
You have a pair of horns on your head.


Message History

You hit the yak. You headbutt the yak.
The yak is severely wounded.
You hit the yak. x2; The yak gores you! The yak gores you but does no damage.
The yak barely misses you.
You hit the yak.
The yak is severely wounded.
You barely miss the yak. x2; The yak barely misses you.
You furiously retaliate!
You headbutt the yak, but do no damage. The yak gores you. The yak gores you!
* * * LOW HITPOINT WARNING * * *
You hit the yak.
The yak is almost dead.
You hit the yak. x2; The yak gores you.
* * * LOW HITPOINT WARNING * * *
The yak closely misses you. You furiously retaliate!
You headbutt the yak! The yak gores you.
* * * LOW HITPOINT WARNING * * *
A red film seems to cover your vision as you go berserk!
You feel yourself moving faster!
You feel mighty! The yak barely misses you. You furiously retaliate!
You headbutt the yak. The yak gores you!
You die...

.############.##.#.##.# #.#
..(....######.##.#.##.# #.#
..##...#..<##..#.#.##.####.#
..##...........#.#.#.......#
......##.#####.#.#.##############
###...(..#####...#.##............
#.#............#.##.###########
#.###########Y.#.##.# #########
#.# #.......Y@#.##.# #........
#.# #.#######Y#.##.# #.#######
#.# #.# #.#.##.###.# #.# #.#
###.#......#'## #.# #.#
#.............# #.# #.#
#.#.#.........# #.# #.#
#.#.#.......<.# #.# #.#
#.#.####......# #.# #.# #.#.#
#.######


You could see 3 yaks.

Vanquished Creatures
  Grinder (D:5)
  Menkaure (D:4)
  A hound (D:4)
  A centaur skeleton (D:4)
  2 worker ants
  Terence (D:3)
  A worker ant zombie (D:5)
  3 gnolls (D:3)
  5 adders
  3 shadow imps (D:5)
  4 oozes
  A worm (D:3)
  5 dart slugs
  4 leopard geckos
  8 orcs
  7 giant cockroaches
  11 goblins
  11 hobgoblins
  5 jackals
  3 quokkas
  3 ball pythons
  A ball python skeleton (D:5)
  10 bats
  5 frilled lizards
  14 kobolds
  4 rats
115 creatures vanquished.

Notes
Turn   | Place    | Note
-------+----------+-------------------------------------------
     0 | D:1      | dtburroughs the Minotaur Berserker began the quest for the
                  | Orb.
     0 | D:1      | Reached XP level 1. HP: 19/19 MP: 0/0
   274 | D:1      | Reached XP level 2. HP: 19/27 MP: 1/1
   507 | D:1      | Reached ** piety under Trog
   804 | D:1      | Reached XP level 3. HP: 29/33 MP: 2/2
  1479 | D:2      | Found a glowing golden altar of the Shining One.
  1556 | D:2      | Reached XP level 4. HP: 38/40 MP: 3/3
  2074 | D:2      | You fall into a shaft and drop 2 floors!
  2147 | D:4      | Found a burning altar of Makhleb.
  2224 | D:4      | Found a runed translucent door.
  2224 | D:4      | Noticed oc3rt's ghost (amateur KoHu)
  2309 | D:4      | Reached *** piety under Trog
  2351 | D:4      | Reached XP level 5. HP: 25/47 MP: 4/4
  2584 | D:4      | Found a snail-covered altar of Cheibriados.
  2708 | D:3      | Found a sacrificial altar of Ru.
  2846 | D:3      | Noticed Terence
  2865 | D:3      | Killed Terence
  3553 | D:3      | Reached skill level 5 in Fighting
  3553 | D:3      | Reached skill level 5 in Axes
  4037 | D:3      | Reached XP level 6. HP: 56/56 MP: 5/5
  4050 | D:3      | Found a shadowy altar of Dithmenos.
  4934 | D:4      | Noticed Menkaure
  4945 | D:4      | Killed Menkaure
  5323 | D:5      | Entered Level 5 of the Dungeon
  5323 | D:5      | Noticed Grinder
  5329 | D:5      | Got a crude ring mail
  5345 | D:5      | Killed Grinder
  5346 | D:5      | Reached skill level 5 in Armour
  5346 | D:5      | Reached XP level 7. HP: 62/62 MP: 6/6
  5365 | D:5      | Identified the +3 ring mail of Nemelex Xobeh's Hope {Harm
                  | Int+4} (You found it on level 5 of the Dungeon)
  5525 | D:5      | Reached **** piety under Trog
  5557 | D:5      | Noticed a yak
  5557 | D:5      | Noticed a yak
  5557 | D:5      | Noticed a yak
  5558 | D:5      | Noticed a yak
  5559 | D:5      | Noticed a yak
  5582 | D:4      | HP: 3/63 [yak (5)]
  5583 | D:4      | Slain by a yak

Illustrated notes

Levels and vault maps discovered:
D:1:      eino_arrival_cavern_b, layout_loops_cross, minmay_tree_intersection,
          minmay_split_cup_large
D:2:      layout_loops_cross, tso_metal_star, dk_noncrumbling_3
D:3:      layout_basic, general_overflow_altar, nicolae_ru_sacrificial_ziggurat,
          skrybe_limestone_x, nrook_campfire, minmay_joined_circles,
          uniq_terence
D:4:      layout_basic, makhleb_blood_cavern_becter, cheibriados_altar_2,
          hellmonk_ghost_happy_afterlife, uniq_menkaure
D:5:      layout_layer_cave, minmay_temple_entry_stoned_glass, uniq_grinder

Skill      XL: |  1  2  3  4  5  6  7 |
---------------+----------------------+-----
Fighting       | 4 5 6 |  6.0
Axes           | 4 5 6 |  6.0
Armour         | 3 4 5 |  5.4
Dodging        | 3 4 |  4.9

Action                   |  1- 3 |  4- 6 |  7- 9 || total
-------------------------+-------+-------+-------++-------
Melee: Hand axe          |   100 |   135 |    44 ||   279
       Headbutt          |    19 |    19 |    11 ||    49
Invok: Berserk           |       |     2 |     1 ||     3
       Trog's Hand       |       |     2 |       ||     2
  Use: Scroll            |       |       |     3 ||     3
 Stab: Sleeping          |       |     1 |       ||     1
Armor: Animal skin       |    26 |    24 |       ||    50
       Scale mail        |       |    26 |       ||    26
       Chain mail        |       |       |    29 ||    29
Dodge: Dodged            |    84 |   118 |    38 ||   240
